 Dungeon Crawl Stone Soup version 0.20.0-15-g7f486f2 (webtiles) character file.

22 Inarius the Digger (level 2, -1/16 HPs)
             Began as a Gargoyle Earth Elementalist on June 27, 2017.
             Slain by an adder (4 damage)
             ... on level 2 of the Dungeon.
             The game lasted 00:02:22 (1774 turns).

Inarius the Digger (Gargoyle Earth Elementalist)    Turns: 1774, Time: 00:02:23

Health: -1/16      AC:  5    Str: 11    XL:     2   Next: 91%
Magic:  4/5        EV: 11    Int: 15    God:
Gold:   47         SH:  0    Dex: 10    Spells: 4/5 levels left

rFire    . . .     SeeInvis .   f - +0 dagger
rCold    . . .     Gourm    .   (no shield)
rNeg     + . .     Faith    .   l - +0 leather armour
rPois    ∞         Spirit   .   (no helmet)
rElec    +         Reflect  .   (no cloak)
rCorr    .         Harm     .   (no gloves)
MR       .....                  (no boots)
Stlth    ++........             (no amulet)
Regen    0.1/turn               (no ring)
MPRegen  0.1/turn               (no ring)

@: no status effects
A: negative energy resistance 1, electricity resistance, unbreathing,
petrification resistance, rot immunity, AC +2
a: no special abilities


You were on level 2 of the Dungeon.
You were not hungry.

You visited 1 branch of the dungeon, and saw 2 of its levels.

You collected 47 gold pieces.

Inventory:

Hand Weapons
 f - a +0 dagger (weapon)
Missiles
 b - 60 stones (quivered)
Armour
 c - a +0 robe
 g - a +0 scale mail
 l - a +0 leather armour (worn)
Scrolls
 a - 2 scrolls of noise {unknown}
 h - 3 scrolls of teleportation {unknown}
 i - a scroll of identify {unknown}
 o - a scroll of fear {unknown}
Potions
 k - a potion of haste {unknown}
 m - 3 potions of curing {unknown}
 n - 2 potions of might {unknown}
Books
 e - a book of Geomancy

   Spells                             Type                      Level
   a - Sandblast                      Earth                        1
   b - Passwall                       Transmutation/Earth          2
   c - Stone Arrow                    Conjuration/Earth            3
   d - Petrify                        Transmutation/Earth          4
   e - Lee's Rapid Deconstruction     Earth                        5
Comestibles
 d - a bread ration
 j - a meat ration


   Skills:
 * Level 0.4 Fighting
 * Level 1.0 Armour
 - Level 1.5 Dodging
 - Level 2.1 Stealth
 + Level 2.1 Spellcasting
   Level 0.7 Transmutations
 + Level 4.3 Earth Magic


You had 4 spell levels left.
You knew the following spells:

 Your Spells              Type           Power        Failure   Level  Hunger
a - Sandblast             Erth           ##....       4%          1    #......


Dungeon Overview and Level Annotations

Branches:
Dungeon (2/15)

Altars:


Innate Abilities, Weirdness & Mutations

You are resistant to torment.
Your stone body is resilient. (AC +2)
You are immune to poison.
You resist negative energy. (rN+)
You are resistant to electric shocks. (rElec)
You can survive without breathing.
You are immune to petrification.
You are immune to rotting.


Message History

You barely miss the adder.
The adder is heavily wounded.
The adder bites you. The adder misses you.
You closely miss the adder.
The adder is heavily wounded.
The adder bites you.
You closely miss the adder.
The adder is heavily wounded.
The adder bites you.
* * * LOW HITPOINT WARNING * * *
Casting: Sandblast
Confirm with . or Enter, or press ? or * to list all spells.
Aiming: Sandblast
Press: ? - help, Shift-Dir - straight line, f - adder
Aim: an adder (moderately wounded)
The blast of sand hits the adder.
The adder is almost dead.
b - 60 stones The adder bites you.
You die...

....# ....# ....##### ###
....'...# ..... #########
....###.#.##.. .........
...<###.#.##.#### ########.
#............... .........
#...#...#.....#####
.#######.
#.###.#.##......@.# #. #.#
#.#[.......##S# #.
#.###..........# w# ##
#..............##.. ##
#.####..........#### ######
#.
#...######.#######....#####.
+...........................
#...##.###########'#..###.#.
#...# #.........#...#.


You could see a worm and an adder.

Vanquished Creatures
  An ooze (D:1)
  3 giant cockroaches
  2 hobgoblins (D:1)
  2 bats
  2 frilled lizards (D:1)
  5 goblins (D:1)
  2 rats (D:1)
17 creatures vanquished.

Notes
Turn   | Place    | Note
-------+----------+-------------------------------------------
     0 | D:1      | Inarius the Gargoyle Earth Elementalist began the quest for the Orb.
     0 | D:1      | Reached XP level 1. HP: 10/10 MP: 3/3
   228 | D:1      | Reached XP level 2. HP: 15/15 MP: 3/5
   491 | D:1      | Reached skill level 4 in Earth Magic
   834 | D:1      | Reached skill level 1 in Armour
  1774 | D:2      | Slain by an adder

Skill      XL: |  1  2 |
---------------+-------+-----
Earth Magic    | 4 |  4.3
Armour         | 1 |  1.0
Fighting       | |  0.4
Dodging        | |  1.5
Stealth        | |  2.1
Spellcasting   | |  2.1
Transmutations | |  0.7

Action                   || total
-------------------------++-------
Melee: Unarmed           ||    34
       Dagger            ||    27
 Cast: Sandblast         ||    17
  Eat: Bread ration      ||     1
       Chunk             ||     1
Armor: Leather armour    ||    20
       Robe              ||     7
Dodge: Dodged            ||    29
